[Event "December 5 Late 2023"]
[Site "https://www.chess.com"]
[Date "2023.12.05"]
[Round "10"]
[White "Demchenko, Anton"]
[Black "Pakleza, Zbigniew"]
[Result "1-0"]
[Board "17"]
[TimeControl "180+1"]
[WhiteFideId "4160258"]
[BlackFideId "1119290"]
[WhiteElo "2890"]
[BlackElo "2674"]
[WhiteTeam "SLO"]
[BlackTeam "POL"]
[WhiteClock "0:00:05"]
[BlackClock "0:00:01"]

1. e4 d6 2. d4 Nf6 3. Nc3 c6 4. f4 Qb6 5. e5 Nd5 6. Nxd5 cxd5 7. c3 Bf5 8. Bd3 g6 9. Bxf5 gxf5 10. Nf3 e6 11. O-O Nc6 12. Kh1 Be7 13. Qe1 O-O-O 14. b4 Kb8 15. a4 Rc8 16. Bd2 Qd8 17. Qe2 h6 18. a5 Qd7 19. b5 Nd8 20. Rfb1 Rc4 21. Rb3 Ka8 22. Be3 Rc8 23. Nd2 dxe5 24. dxe5 Bc5 25. Nf3 Qe7 26. Nd4 f6 27. exf6 Qxf6 28. Rd1 Nf7 29. a6 Nd6 30. axb7+ Kxb7 31. Nc6 Bb6 32. Bd4 Bxd4 33. cxd4 Ra8 34. Na5+ Kb6 35. Rc1 Nc4 36. Nxc4+ dxc4 37. Rxc4 Rac8 38. Rc6+ Kb7 39. h3 Qxd4 40. Rd3 Qxf4 41. Rd7+ Kb8 42. Qa2 Qe3 43. b6 Qe1+ 44. Kh2 Qe5+ 45. g3 Rxc6 46. Qxa7+ Kc8 47. Qb7# 1-0

[Event "December 5 Late 2023"]
[Site "https://www.chess.com"]
[Date "2023.12.05"]
[Round "10"]
[White "Zavgorodniy, Sergiy"]
[Black "Ashraf, Artin"]
[Result "1-0"]
[Board "18"]
[TimeControl "180+1"]
[WhiteFideId "14110148"]
[BlackFideId "22514805"]
[WhiteElo "2672"]
[BlackElo "2887"]
[WhiteTeam "UKR"]
[BlackTeam "IRI"]
[WhiteClock "0:00:06"]
[BlackClock "0:00:04"]

1. d4 d5 2. c4 Nc6 3. cxd5 Qxd5 4. e3 e5 5. Nc3 Bb4 6. Bd2 Bxc3 7. Bxc3 exd4 8. Ne2 Bg4 9. f3 Bxf3 10. gxf3 Qxf3 11. Nxd4 Qxh1 12. Nxc6 Nf6 13. Bxf6 gxf6 14. Nd4 Qxh2 15. Qg4 Qxb2 16. Qe4+ Kf8 17. Rb1 Qc3+ 18. Kf2 Re8 19. Qf4 b6 20. Nf5 Qc2+ 21. Be2 Re5 22. Qh6+ Ke8 23. Ng7+ Ke7 24. Rg1 Rd8 25. Nh5 Rf5+ 26. Nf4 Rd2 27. Re1 Re5 28. a4 Qxa4 29. Qxh7 Qe4 30. Qh3 a5 31. Rc1 Rd7 32. Rc4 Qf5 33. Qf3 Rc5 34. e4 Qe5 35. Nd5+ Kd6 36. Rxc5 Kxc5 37. Qa3+ Kc6 38. Qa4+ Kd6 39. Qa3+ c5 40. Bg4 Qd4+ 41. Ne3 Rb7 42. Bf5 Ke7 43. Kf3 Kf8 44. Qb3 a4 45. Qc2 a3 46. Qh2 Qb2 47. Qh8+ Ke7 48. Nd5+ Kd6 49. Qd8+ Ke5 50. Qxf6# 1-0

[Event "December 5 Late 2023"]
[Site "https://www.chess.com"]
[Date "2023.12.05"]
[Round "10"]
[White "Gokerkan, Cem Kaan"]
[Black "Ambartsumova, Karina"]
[Result "1-0"]
[Board "19"]
[TimeControl "180+1"]
[WhiteFideId "6336760"]
[BlackFideId "4166299"]
[WhiteElo "2869"]
[BlackElo "2666"]
[WhiteTeam "TUR"]
[BlackTeam "RUS"]
[WhiteClock "0:00:11"]
[BlackClock "0:00:01"]

1. e4 e5 2. Nf3 Nc6 3. Bc4 Bc5 4. c3 Nf6 5. d4 exd4 6. cxd4 Bb4+ 7. Nbd2 d5 8. exd5 Nxd5 9. O-O O-O 10. a3 Be7 11. Re1 Bg4 12. h3 Be6 13. Ba2 Nf4 14. Nc4 Ng6 15. b4 a6 16. Ne3 Bxa2 17. Rxa2 Bf6 18. d5 Nce5 19. Nxe5 Bxe5 20. Ng4 Bd6 21. Rae2 Qh4 22. Qd3 a5 23. b5 a4 24. Re4 Qh5 25. Qd1 Qf5 26. Qd4 Rad8 27. Bb2 f6 28. Ne3 Qd7 29. Qxa4 Bc5 30. Bd4 Ra8 31. Qc4 Bd6 32. a4 b6 33. Re6 Nf4 34. Nf5 Rae8 35. Nxd6 cxd6 36. Rxe8 Rxe8 37. Rxe8+ Qxe8 38. Be3 Ng6 39. Bxb6 Qe1+ 40. Qf1 Qb4 41. a5 Nf4 42. a6 Nxd5 43. Be3 f5 44. a7 Qa4 45. b6 f4 46. b7 Nxe3 47. a8=Q+ Kf7 48. Qxa4 1-0

[Event "December 5 Late 2023"]
[Site "https://www.chess.com"]
[Date "2023.12.05"]
[Round "10"]
[White "Alexandre, Anne Shopie Elizabeth"]
[Black "Sturt, Raven"]
[Result "1-0"]
[Board "20"]
[TimeControl "180+1"]
[WhiteFideId "11902418"]
[BlackFideId "2007304"]
[WhiteElo "2864"]
[BlackElo "2660"]
[WhiteTeam "HAI"]
[BlackTeam "USA"]
[WhiteClock "0:00:01"]
[BlackClock "0:00:00"]

1. d4 f5 2. c4 Nf6 3. g3 g6 4. Bg2 Bg7 5. Nf3 O-O 6. O-O d6 7. Nc3 Qe8 8. d5 Na6 9. Qc2 Bd7 10. b3 Nb4 11. Qd2 Ne4 12. Nxe4 Bxa1 13. Qxb4 fxe4 14. Ng5 c5 15. Qxb7 a5 16. Nxe4 Bg7 17. Bd2 a4 18. bxa4 Rxa4 19. Qb3 Qa8 20. Bg5 Re8 21. Bd2 Rxa2 22. Bc3 Rb8 23. Qd1 Qa4 24. Qd3 Ra3 25. Qd2 Bxc3 26. Nxc3 Qxc4 27. Ne4 Bf5 28. Ng5 Qd4 29. Qc1 Rc3 30. Qa1 h6 31. Nf3 Qf6 32. Nh4 Bg4 33. e4 g5 34. Nf5 Bxf5 35. exf5 Rcb3 36. Qa7 c4 37. Qc7 c3 38. Be4 Kf8 39. Re1 h5 40. Bc2 R3b7 41. Qc4 Rb4 42. Qc7 R4b7 43. Qc4 Rb2 44. Bd3 Rd2 45. Re6 Qf7 46. Qxc3 Rd1+ 47. Kg2 h4 48. f6 Qh5 49. fxe7+ Kg8 50. Rg6+ Kf7 51. Rg7+ 1-0

[Event "December 5 Late 2023"]
[Site "https://www.chess.com"]
[Date "2023.12.05"]
[Round "10"]
[White "Seemann, Jakub"]
[Black "Kazakouski, Valery"]
[Result "0-1"]
[Board "21"]
[TimeControl "180+1"]
[WhiteFideId "21874697"]
[BlackFideId "13507443"]
[WhiteElo "2654"]
[BlackElo "2848"]
[WhiteTeam "POL"]
[BlackTeam "LTU"]
[WhiteClock "0:00:00"]
[BlackClock "0:00:26"]

1. c4 c6 2. d4 d5 3. Nf3 Nf6 4. Nc3 dxc4 5. e4 b5 6. Be2 e6 7. O-O Bb7 8. a4 a6 9. e5 Nd5 10. Ne4 h6 11. Bd2 Nd7 12. b3 cxb3 13. Qxb3 b4 14. Rac1 a5 15. h4 Qb6 16. Be3 Be7 17. h5 O-O 18. Nfd2 Ba6 19. Nc4 Bxc4 20. Rxc4 Rac8 21. Rfc1 Rc7 22. Bd2 c5 23. Qg3 Kh8 24. Nd6 cxd4 25. Rxc7 Nxc7 26. Bxh6 gxh6 27. Qf4 Bg5 28. Qe4 Bxc1 29. Bd3 f5 30. exf6 Nxf6 31. Qe5 Ne8 32. Nxe8 Qd8 33. Nd6 Qe7 34. Nf5 Bf4 35. Qe2 Qc7 36. g3 exf5 37. Qe6 Bxg3 38. Qxf5 Bh2+ 39. Kh1 Qf4 40. Qg6 Qf3+ 41. Kxh2 Ng4+ 0-1

[Event "December 5 Late 2023"]
[Site "https://www.chess.com"]
[Date "2023.12.05"]
[Round "10"]
[White "Mendes Aaron Reeve"]
[Black "Rustemov, Alexander"]
[Result "1/2-1/2"]
[Board "22"]
[TimeControl "180+1"]
[WhiteFideId "25954938"]
[BlackFideId "4119002"]
[WhiteElo "2653"]
[BlackElo "2834"]
[WhiteTeam "CAN"]
[BlackTeam "RUS"]
[WhiteClock "0:00:20"]
[BlackClock "0:00:28"]

1. e4 e6 2. Nf3 d5 3. Nc3 dxe4 4. Nxe4 Bd7 5. d4 Bc6 6. Bd3 Nd7 7. c3 Ngf6 8. Nxf6+ Nxf6 9. O-O Bxf3 10. Qxf3 Qd5 11. Qxd5 Nxd5 12. Bg5 Be7 13. Bxe7 Kxe7 14. Be4 c6 15. a4 a5 16. Bf3 Rhd8 17. Rfe1 Kd6 18. g3 Kc7 19. Be4 h6 20. Kg2 Nb6 21. b3 Rd7 22. Rac1 Rad8 23. f4 g6 24. Kf3 h5 25. h3 Rh8 26. Rh1 Rdd8 27. g4 Nc8 28. Rce1 Nd6 29. Bc2 Rh7 30. f5 hxg4+ 31. hxg4 Rxh1 32. Rxh1 gxf5 33. gxf5 exf5 34. Kf4 Re8 35. Bd3 Rg8 36. Rh7 Rg1 37. c4 Rd1 38. Ke3 Re1+ 39. Kf4 Re7 40. Bxf5 b6 41. Bg6 c5 42. d5 Kd7 43. Bf5+ Kc7 44. Be6 Kd8 45. Rh8+ Re8 46. Rxe8+ Kxe8 47. Ke5 Ke7 48. Bf5 f6+ 49. Kf4 Nf7 50. Bc2 Ne5 51. Kf5 Nf7 52. Bd1 Nd6+ 53. Kg6 Ne4 54. Bc2 Nd2 55. Bd1 Nf1 56. Bc2 Ne3 57. Bd3 Ng4 58. Be2 Ne5+ 59. Kf5 Nf7 60. Bh5 Nd6+ 61. Kf4 Kf8 62. Bg6 Kg7 63. Bf5 Kh6 64. Bg4 Kg6 65. Be2 Nf7 66. Bd3+ f5 67. Bxf5+ Kf6 68. Be4 Nd6 69. Bf3 Nf7 70. Bg4 Nd6 71. Bh5 Nc8 72. Be8 Nd6 73. Bd7 Nf7 74. Bc6 Nd6 75. Bb5 Nf5 76. Ke4 Nd6+ 77. Ke3 Ke5 78. Bd7 Ne4 79. Kd3 Nf2+ 80. Kc2 Ne4 81. Bc6 Kd4 82. Kb2 Nd6 83. Kc2 Ke5 84. Kd3 Ne4 85. Ke3 Nd6 86. Bd7 Kf6 87. Kf4 Ke7 88. Bg4 Kf6 89. Be6 Ne8 90. Bg4 Nd6 1/2-1/2

[Event "December 5 Late 2023"]
[Site "https://www.chess.com"]
[Date "2023.12.05"]
[Round "10"]
[White "Tokhirjonova, Gulrukhbegim"]
[Black "Shuvalova, Polina"]
[Result "1-0"]
[Board "23"]
[TimeControl "180+1"]
[WhiteFideId "14203626"]
[BlackFideId "24171760"]
[WhiteElo "2652"]
[BlackElo "2833"]
[WhiteTeam "USA"]
[BlackTeam "RUS"]
[WhiteClock "0:00:31"]
[BlackClock "0:00:00"]

1. e4 c6 2. d4 d5 3. e5 Bf5 4. Nf3 e6 5. Be2 Ne7 6. O-O Nd7 7. Nbd2 Ng6 8. Nb3 f6 9. Ne1 h5 10. f4 h4 11. Bd3 Ne7 12. a4 Rc8 13. Be3 a6 14. a5 Bxd3 15. Qxd3 Nf5 16. Bf2 fxe5 17. fxe5 Be7 18. Nf3 O-O 19. c4 Qe8 20. Rac1 Qh5 21. h3 Rf7 22. cxd5 Nf8 23. d6 Bd8 24. Nc5 Bxa5 25. Qb3 Re8 26. d7 Nxd7 27. Nxe6 Kh8 28. Nf4 Nxd4 29. Bxd4 Rxf4 30. Qxb7 Qf7 31. Qxa6 Qd5 32. Be3 Rf7 33. Rcd1 Qb5 34. Qxb5 cxb5 35. Rd5 Bc7 36. Bd4 b4 37. Nxh4 Rxf1+ 38. Kxf1 Nf8 39. Rb5 Ne6 40. Be3 Kh7 41. Nf3 Ra8 42. Rxb4 Ra1+ 43. Ke2 Kg6 44. g4 Rh1 45. h4 Kf7 46. Rb7 Ke8 47. Ng5 Rh2+ 48. Kf3 Nxg5+ 49. Bxg5 Kd7 50. e6+ 1-0

[Event "December 5 Late 2023"]
[Site "https://www.chess.com"]
[Date "2023.12.05"]
[Round "10"]
[White "Gabuzyan, Hovhannes"]
[Black "Omelja, Artem"]
[Result "1-0"]
[Board "24"]
[TimeControl "180+1"]
[WhiteFideId "13303732"]
[BlackFideId "14119846"]
[WhiteElo "2830"]
[BlackElo "2643"]
[WhiteTeam "ARM"]
[BlackTeam "UKR"]
[WhiteClock "0:01:14"]
[BlackClock "0:00:05"]

1. e4 e5 2. Nf3 Nc6 3. Bb5 a6 4. Ba4 Nge7 5. O-O Ng6 6. c4 Bc5 7. Nc3 O-O 8. d3 d6 9. Be3 Bd7 10. Bxc6 Bxc6 11. d4 exd4 12. Nxd4 Bd7 13. f4 Re8 14. Qd3 c6 15. Kh1 b5 16. Nc2 bxc4 17. Qxc4 Bxe3 18. Nxe3 d5 19. Qd4 dxe4 20. Rad1 Nf8 21. f5 Rb8 22. f6 g6 23. Nxe4 Qb6 24. Nc5 Be6 25. b3 Rbd8 26. Qf4 Rxd1 27. Rxd1 g5 1-0

[Event "December 5 Late 2023"]
[Site "https://www.chess.com"]
[Date "2023.12.05"]
[Round "10"]
[White "Gubajdullin, Alexei"]
[Black "Holt, Conrad"]
[Result "0-1"]
[Board "25"]
[TimeControl "180+1"]
[WhiteFideId "4141202"]
[BlackFideId "2034387"]
[WhiteElo "2627"]
[BlackElo "2812"]
[WhiteTeam "RUS"]
[BlackTeam "USA"]
[WhiteClock "0:00:10"]
[BlackClock "0:00:32"]

1. d4 d5 2. Nf3 Nf6 3. Bf4 Nh5 4. Be5 f6 5. Bg3 e6 6. e3 Nd7 7. Bd3 g6 8. c4 Nb6 9. Nbd2 c5 10. O-O Nxg3 11. hxg3 Be7 12. cxd5 Nxd5 13. e4 Nc7 14. e5 f5 15. Nb3 cxd4 16. Nfxd4 Kf7 17. g4 Qd5 18. Rc1 Qxe5 19. Re1 Qd6 20. gxf5 exf5 21. Qc2 Ne8 22. Nb5 Qf6 23. Nc7 Nxc7 24. Qxc7 Rd8 25. Nc5 Qd6 26. Nxb7 Qxc7 27. Rxc7 Rd7 28. Nd6+ Bxd6 29. Bc4+ Kf8 30. Rc6 Bb7 0-1

[Event "December 5 Late 2023"]
[Site "https://www.chess.com"]
[Date "2023.12.05"]
[Round "10"]
[White "Korchmar, Vasiliy"]
[Black "Janaszak, Dawid"]
[Result "1-0"]
[Board "26"]
[TimeControl "180+1"]
[WhiteFideId "24131750"]
[BlackFideId "1119206"]
[WhiteElo "2807"]
[BlackElo "2621"]
[WhiteTeam "RUS"]
[BlackTeam "POL"]
[WhiteClock "0:00:04"]
[BlackClock "0:00:00"]

1. e4 c5 2. d4 cxd4 3. Qxd4 Nc6 4. Qd3 e6 5. Nc3 Nf6 6. Bf4 Bc5 7. O-O-O O-O 8. e5 Ng4 9. Ne4 Nxf2 10. Nxf2 Bxf2 11. Nf3 f6 12. exf6 Qxf6 13. Bd6 Rf7 14. Qe4 Qf5 15. Bd3 Qxe4 16. Bxe4 b6 17. Kb1 h6 18. Ne5 Rf4 19. Bf3 Rxf3 20. Nxf3 Ba6 21. Bg3 Bxg3 22. hxg3 d5 23. Rhe1 Kf7 24. Ne5+ Nxe5 25. Rxe5 Bc8 26. c3 Kf6 27. Rde1 Bd7 28. Kc2 Rc8 29. Kd2 Rc4 30. R5e3 Ra4 31. a3 Rg4 32. Rf1+ Ke7 33. Rf4 Rg5 34. Rb4 Be8 35. a4 Bd7 36. a5 b5 37. a6 Kd6 38. b3 Kc5 39. Rf4 Kb6 40. Rf7 Bc8 41. Rf8 Bd7 42. Rd8 Kc7 43. Ra8 Kb6 44. Rb8+ Kc6 45. Rb7 Bc8 46. Rxa7 Kb6 47. Re7 Kxa6 48. Rc7 Bb7 49. Rxe6+ Ka7 50. Ree7 Rxg3 51. Rxb7+ Ka6 52. Rxg7 1-0

[Event "December 5 Late 2023"]
[Site "https://www.chess.com"]
[Date "2023.12.05"]
[Round "10"]
[White "Hambleton, Aman"]
[Black "Troff, Kayden"]
[Result "0-1"]
[Board "27"]
[TimeControl "180+1"]
[WhiteFideId "2606577"]
[BlackFideId "2047896"]
[WhiteElo "2710"]
[BlackElo "2782"]
[WhiteTeam "CAN"]
[BlackTeam "USA"]
[WhiteClock "0:00:00"]
[BlackClock "0:00:12"]

1. e4 c5 2. g3 g6 3. Bg2 Bg7 4. d3 Nc6 5. Nd2 b5 6. Ngf3 d6 7. O-O Rb8 8. Re1 Nf6 9. e5 Nxe5 10. Nxe5 dxe5 11. Rxe5 c4 12. dxc4 bxc4 13. c3 O-O 14. Re1 Be6 15. Rxe6 fxe6 16. Qe2 Qd3 17. Qxe6+ Kh8 18. Qxc4 Qc2 19. Qe2 Rfd8 20. Bf1 Nd5 21. Ne4 Qa4 22. Bg5 h6 23. Bc1 Kh7 24. h4 Rb6 25. Qg4 Kh8 26. h5 gxh5 27. Qe2 Re6 28. Nc5 Rxe2 29. Nxa4 Re1 30. Kg2 Nb6 31. Nc5 Rdd1 32. Nd3 Rxf1 33. a4 Nc4 34. b3 Ne5 35. Nxe5 Bxe5 36. Be3 Rxa1 0-1

[Event "December 5 Late 2023"]
[Site "https://www.chess.com"]
[Date "2023.12.05"]
[Round "10"]
[White "Kopczynski, Michal"]
[Black "Adewumi, Tanitoluwa"]
[Result "1-0"]
[Board "28"]
[TimeControl "180+1"]
[WhiteFideId "1124200"]
[BlackFideId "30966396"]
[WhiteElo "2565"]
[BlackElo "2744"]
[WhiteTeam "POL"]
[BlackTeam "USA"]
[WhiteClock "0:00:15"]
[BlackClock "0:00:02"]

1. e4 c5 2. d4 cxd4 3. c3 dxc3 4. Nxc3 Nc6 5. f4 e6 6. Nf3 Bb4 7. Bd3 d5 8. e5 d4 9. a3 dxc3 10. axb4 Nxb4 11. Qa4+ Nc6 12. Be4 Ne7 13. bxc3 Qb6 14. Rb1 Qc5 15. Rb5 Qxc3+ 16. Bd2 Nd5 17. Bxc3 Nxc3 18. Qc4 Nxb5 19. Qxb5 O-O 20. O-O a5 21. Bxc6 bxc6 22. Qxc6 Ba6 23. Ra1 Bd3 24. Qc3 Be4 25. Nd2 Bd5 26. Rxa5 Rxa5 27. Qxa5 Ra8 28. Qc5 h5 29. f5 Ra2 30. Qd4 Rc2 31. f6 Rc1+ 32. Kf2 Rd1 33. fxg7 Kxg7 34. Qf4 h4 35. Nf1 Rb1 36. Ne3 Rb2+ 37. Ke1 Bb7 38. Qxh4 Rb1+ 39. Kd2 Rb2+ 40. Kc3 Rb5 41. Qf6+ Kf8 42. g4 Rc5+ 43. Kd4 Rc1 44. g5 Rg1 45. h4 Ke8 46. h5 Bc6 47. g6 fxg6 48. Qxe6+ Kf8 49. Qf6+ Kg8 50. Qxc6 gxh5 51. e6 Rg5 52. e7 Rd5+ 53. Qxd5+ Kg7 54. e8=Q h4 55. Qg5+ Kh7 56. Qeg8# 1-0

[Event "December 5 Late 2023"]
[Site "https://www.chess.com"]
[Date "2023.12.05"]
[Round "10"]
[White "Kosteniuk, Alexandra"]
[Black "Kashefi, Amir Hosein"]
[Result "1-0"]
[Board "29"]
[TimeControl "180+1"]
[WhiteFideId "4128125"]
[BlackFideId "12557935"]
[WhiteElo "2741"]
[BlackElo "2567"]
[WhiteTeam "SUI"]
[BlackTeam "IRI"]
[WhiteClock "0:00:09"]
[BlackClock "0:00:08"]

1. e4 c6 2. Nc3 d5 3. Nf3 dxe4 4. Nxe4 Nd7 5. Qe2 Ndf6 6. Nc3 Nd5 7. g3 Ngf6 8. Bg2 Bf5 9. Nxd5 cxd5 10. d3 e6 11. Ne5 Be7 12. O-O O-O 13. g4 Bg6 14. f4 Bd6 15. Nxg6 hxg6 16. d4 Rc8 17. c3 a6 18. Be3 Qb6 19. Rab1 Qb5 20. Qd1 Ne4 21. a4 Qc6 22. Bxe4 dxe4 23. f5 exf5 24. gxf5 Bb8 25. Qg4 gxf5 26. Rxf5 f6 27. a5 Rce8 28. Rbf1 Rf7 29. R1f2 Ref8 30. Qg6 Rd8 31. Rh5 Qa4 32. Qh7+ Kf8 33. Kg2 Re8 34. Rh4 Bd6 35. Qh8+ Ke7 36. Rxe4+ Kd8 37. Rxe8+ Qxe8 38. Qxe8+ Kxe8 39. Bf4 Be7 40. Kf3 Kd7 41. d5 g5 42. Bg3 Bd8 43. b4 f5 44. Be5 Rh7 45. Kg2 f4 46. Re2 Re7 47. Kf3 Re8 48. h3 b6 49. axb6 Bxb6 50. Re4 Re7 51. c4 Rh7 52. Kg4 Bd8 53. c5 Rh4+ 54. Kf5 Rxh3 55. c6+ Kc8 56. d6 Rh7 57. d7+ Rxd7 58. cxd7+ Kxd7 59. Kg4 Kc6 60. Bc3 Kd5 61. Rd4+ Kc6 62. Rxd8 f3 63. Rf8 f2 64. Rxf2 Kb5 65. Rf5+ Kc4 66. Rc5+ Kb3 67. Be1 Ka4 68. Ra5+ Kb3 69. Rxa6 Kc4 70. Rc6+ Kd5 71. Rg6 Ke4 72. Rxg5 Kd3 73. b5 Ke2 74. b6 Kf1 75. Rf5+ Kg2 76. b7 Kh1 77. b8=Q Kg2 78. Qg3+ Kh1 79. Rf1# 1-0

[Event "December 5 Late 2023"]
[Site "https://www.chess.com"]
[Date "2023.12.05"]
[Round "10"]
[White "Keleberda, Tymur"]
[Black "Krzyzanowski, Marcin"]
[Result "1/2-1/2"]
[Board "30"]
[TimeControl "180+1"]
[WhiteFideId "14174294"]
[BlackFideId "1132199"]
[WhiteElo "2527"]
[BlackElo "2735"]
[WhiteTeam "CAN"]
[BlackTeam "POL"]
[WhiteClock "0:00:07"]
[BlackClock "0:00:05"]

1. e4 c5 2. Nf3 d6 3. c3 Nf6 4. h3 g6 5. Bd3 Bg7 6. Bc2 O-O 7. d4 cxd4 8. cxd4 Nc6 9. O-O e5 10. d5 Ne7 11. a4 Nh5 12. Nc3 h6 13. a5 Nf4 14. Bxf4 exf4 15. Re1 Bd7 16. e5 dxe5 17. Nxe5 Rc8 18. Qf3 Bf5 19. Bxf5 Nxf5 20. Qxf4 Qd6 21. Re4 Rc5 22. a6 bxa6 23. Nc6 Bxc3 24. bxc3 Qxd5 25. Ne7+ Nxe7 26. Rxe7 Rxc3 27. Rxa6 Rc4 28. Qf6 Qd1+ 29. Kh2 Qd4 30. Qf3 Qf4+ 31. Qxf4 Rxf4 32. f3 Rf5 33. Raxa7 h5 34. Kg3 Kg7 35. Ra4 Rc8 36. Re2 Rf6 37. Kf2 Rc7 38. Rb2 Rfc6 39. Raa2 h4 40. Ke3 g5 41. Kf2 Kg6 42. g3 hxg3+ 43. Kxg3 f5 44. h4 gxh4+ 45. Kxh4 Kf6 46. Kg3 Rg7+ 47. Kf2 Rh7 48. Ke3 Re6+ 49. Kf4 Rh4+ 50. Kg3 Kg5 51. Rb5 Rh7 52. Raa5 Rf6 53. f4+ Kg6 54. Rb8 Rc7 55. Ra3 Rd7 56. Rg8+ Kf7 57. Rg5 Rc7 58. Kf3 Rc5 59. Ke3 Re6+ 60. Kd4 Rb5 61. Kc4 Reb6 62. Rag3 Rb4+ 63. Kd3 Rxf4 64. Rg7+ Kf8 65. Rg8+ Kf7 66. R3g7+ Kf6 67. Rg6+ Kf7 68. R6g7+ Kf6 69. Rg6+ Kf7 70. R6g7+ 1/2-1/2

[Event "December 5 Late 2023"]
[Site "https://www.chess.com"]
[Date "2023.12.05"]
[Round "10"]
[White "Dmitrenko, Viktor"]
[Black "Bolourchifard, Farzad"]
[Result "0-1"]
[Board "31"]
[TimeControl "180+1"]
[WhiteFideId "14110270"]
[BlackFideId "12510084"]
[WhiteElo "2466"]
[BlackElo "2717"]
[WhiteTeam "UKR"]
[BlackTeam "IRI"]
[WhiteClock "0:00:00"]
[BlackClock "0:00:16"]

1. d4 Nf6 2. Nf3 e6 3. c4 d5 4. Nc3 Be7 5. Bg5 Nbd7 6. e3 O-O 7. Qc2 c6 8. cxd5 Nxd5 9. h4 h6 10. Bxe7 Qxe7 11. Bc4 Nxc3 12. Qxc3 b5 13. Be2 Bb7 14. Rc1 Rfc8 15. O-O c5 16. dxc5 Rxc5 17. Qb4 a5 18. Qf4 Rac8 19. Rxc5 Qxc5 20. Rd1 Nf6 21. Qd6 Bd5 22. Qxc5 Rxc5 23. b3 b4 24. Bf1 Ne4 25. Nd4 Nc3 26. Ra1 e5 27. Nf5 Be6 28. Ng3 Rd5 29. Bc4 Rd2 30. Bxe6 fxe6 31. a3 a4 32. Nf1 Rc2 33. axb4 axb3 34. b5 b2 0-1

[Event "December 5 Late 2023"]
[Site "https://www.chess.com"]
[Date "2023.12.05"]
[Round "10"]
[White "Micic, Aleksa"]
[Black "Garcia Ramos, Daniel"]
[Result "0-1"]
[Board "32"]
[TimeControl "180+1"]
[WhiteFideId "989940"]
[BlackFideId "32010311"]
[WhiteElo "2398"]
[BlackElo "2600"]
[WhiteTeam "SRB"]
[BlackTeam "ESP"]
[WhiteClock "0:00:00"]
[BlackClock "0:00:29"]

1. e4 c6 2. d4 d5 3. e5 Bf5 4. h4 h5 5. c4 e6 6. Nc3 Be7 7. cxd5 cxd5 8. Bd3 Bxd3 9. Qxd3 Nc6 10. Nf3 Nh6 11. Bg5 Nf5 12. a3 Qb6 13. Bxe7 Ncxe7 14. Qb5+ Qxb5 15. Nxb5 Kd7 16. Rc1 Nc6 17. Rd1 Rac8 18. Ke2 a6 19. Nc3 b5 20. Kd3 Na5 21. Nd2 Nc4 22. Nxc4 Rxc4 23. Ne2 Rhc8 24. g3 b4 25. a4 b3 26. Rc1 Rxa4 27. Rxc8 Kxc8 28. Rc1+ Kb7 29. Rc3 Rb4 30. f3 a5 31. Rc1 a4 32. Rh1 Rc4 33. g4 Nh6 34. Rg1 Kb6 35. Nc3 Ka5 36. Ra1 hxg4 37. fxg4 Nxg4 38. Rg1 Nf2+ 39. Ke3 Rxc3+ 40. bxc3 a3 41. Kxf2 a2 0-1

[Event "December 5 Late 2023"]
[Site "https://www.chess.com"]
[Date "2023.12.05"]
[Round "10"]
[White "Galaktionov, Artem"]
[Black "Zakarian, David"]
[Result "1-0"]
[Board "33"]
[TimeControl "180+1"]
[WhiteFideId "24175471"]
[BlackFideId "13301276"]
[WhiteElo "2833"]
[BlackElo "2438"]
[WhiteTeam "RUS"]
[BlackTeam "ARM"]
[WhiteClock "0:01:30"]
[BlackClock "0:00:03"]

1. d4 Nf6 2. Nf3 e6 3. c4 Nc6 4. Nc3 Bb4 5. Qc2 Qe7 6. a3 Bxc3+ 7. Qxc3 d6 8. Bf4 h6 9. b4 Ne4 10. Qc2 f5 11. h4 e5 12. dxe5 Nxe5 13. Nd4 c5 14. Nb3 Ng4 15. f3 Nef2 16. Rg1 Qxh4 17. g3 Qe7 18. fxg4 Nxg4 19. O-O-O Ne3 20. Qd3 Nxd1 21. Bxd6 Qe3+ 22. Qxe3+ Nxe3 23. Bxc5 Nxf1 24. Rxf1 Be6 25. Nd2 b6 26. Bd4 O-O 27. c5 Rfd8 28. e3 a5 29. cxb6 axb4 30. axb4 Ra2 31. Nb1 g6 32. Rd1 Rc8+ 33. Bc5 Kf7 34. Rd6 Bb3 35. Nd2 Rc2+ 36. Kb1 Ba4 37. Nf3 Rg2 38. Ne5+ Ke8 39. Rxg6 Rd8 40. Rg8# 1-0

[Event "December 5 Late 2023"]
[Site "https://www.chess.com"]
[Date "2023.12.05"]
[Round "10"]
[White "Rangel, Daniel"]
[Black "Khruschiov, Alexey"]
[Result "0-1"]
[Board "34"]
[TimeControl "180+1"]
[WhiteFideId "2124475"]
[BlackFideId "13900544"]
[WhiteElo "2564"]
[BlackElo "2690"]
[WhiteTeam "BRA"]
[BlackTeam "MDA"]
[WhiteClock "0:00:04"]
[BlackClock "0:01:29"]

1. c4 g6 2. g3 Bg7 3. Bg2 e5 4. Nc3 d6 5. e3 c6 6. Nge2 Be6 7. b3 f5 8. O-O Nf6 9. Bb2 O-O 10. d4 e4 11. d5 cxd5 12. Nf4 Bf7 13. Nfxd5 Nxd5 14. cxd5 Nd7 15. Qd2 Ne5 16. Ne2 Rc8 17. Rac1 Qd7 18. Nf4 g5 19. Ne6 Bxe6 20. dxe6 Qxe6 21. Bxe5 Bxe5 22. Rfd1 g4 23. Bf1 Kg7 24. Bc4 Qe7 25. Bd5 b6 26. Rxc8 Rxc8 27. Rc1 Rc5 28. b4 Rc7 29. Rc2 Kf6 30. Qc1 Rxc2 31. Qxc2 Qd7 32. Qc4 h5 33. b5 h4 34. gxh4 Kg6 35. Be6 Qd8 36. Bf7+ Kg7 37. h5 Qh4 38. Bg6 Qxh2+ 39. Kf1 Qh1+ 40. Ke2 Qf3+ 41. Ke1 g3 42. Qf7+ Kh6 43. Bxf5 Bc3+ 44. Kf1 Qh1+ 45. Ke2 Qe1# 0-1

[Event "December 5 Late 2023"]
[Site "https://www.chess.com"]
[Date "2023.12.05"]
[Round "10"]
[White "Prithu Gupta"]
[Black "Amburgy, Ryan"]
[Result "1/2-1/2"]
[Board "35"]
[TimeControl "180+1"]
[WhiteFideId "46618546"]
[BlackFideId "30924820"]
[WhiteElo "2563"]
[BlackElo "2677"]
[WhiteTeam "IND"]
[BlackTeam "USA"]
[WhiteClock "0:00:08"]
[BlackClock "0:00:53"]

1. d4 Nf6 2. c4 e6 3. Nf3 b6 4. Bg5 Bb7 5. Nc3 Bb4 6. e3 h6 7. Bxf6 Qxf6 8. Bd3 O-O 9. O-O Bxc3 10. bxc3 d6 11. e4 Nd7 12. Qe2 e5 13. a4 Rfe8 14. a5 Nf8 15. Qe3 Ne6 16. g3 g5 17. h3 h5 18. Kg2 g4 19. hxg4 hxg4 20. Nh4 Nf4+ 21. gxf4 exf4 22. Qd2 Rxe4 23. Bxe4 Bxe4+ 24. f3 Qxh4 25. fxe4 Qg3+ 26. Kh1 Kg7 27. Rf2 Rh8+ 28. Rh2 Qf3+ 29. Qg2 Rxh2+ 30. Kxh2 g3+ 31. Kh1 Qxc3 32. Rf1 Qe3 33. axb6 axb6 34. Qf3 Qd2 35. Qg2 Qe3 36. d5 Kf8 37. Qf3 Qd2 38. Qg2 Qe3 39. Rf3 Qe1+ 40. Rf1 Qe3 1/2-1/2

[Event "December 5 Late 2023"]
[Site "https://www.chess.com"]
[Date "2023.12.05"]
[Round "10"]
[White "Solon, Nathan"]
[Black "Pesotskiy, Mikhail"]
[Result "0-1"]
[Board "36"]
[TimeControl "180+1"]
[WhiteFideId "2017229"]
[BlackFideId "34164453"]
[WhiteElo "2674"]
[BlackElo "2539"]
[WhiteTeam "USA"]
[BlackTeam "RUS"]
[WhiteClock "0:00:03"]
[BlackClock "0:00:14"]

1. d4 Nf6 2. Bf4 e6 3. e3 c5 4. Nf3 Nc6 5. Nbd2 d5 6. c3 Nh5 7. Bg5 f6 8. Bh4 g6 9. Bd3 cxd4 10. cxd4 Bd6 11. O-O O-O 12. Rc1 Bd7 13. Be2 g5 14. Ne1 gxh4 15. Bxh5 Kh8 16. Nef3 f5 17. Nb3 b6 18. Nbd2 Qf6 19. h3 Rg8 20. Kh1 Rg7 21. Ne1 f4 22. e4 Nxd4 23. Ndf3 Be5 24. exd5 exd5 25. Nd3 Bd6 26. Nde1 Be5 27. Nd3 Bd6 28. Nde1 Bb5 29. Rg1 Ne2 30. Qxd5 Rag8 31. Qxb5 Nxc1 32. Qc6 Ne2 33. Qe4 Nxg1 34. Kxg1 Qxb2 35. Nxh4 Bb4 36. Nef3 Be7 37. Nf5 Rxg2+ 38. Kh1 Qc1+ 39. Ne1 Rg1+ 40. Kh2 Qxe1 41. Qd4+ R1g7 42. Nxe7 Qg1# 0-1